 Dungeon Crawl Stone Soup version 0.30-a0-883-g5ad918d77d (webtiles) character file.

Game seed: 17684753098209233124

478 pussydestroy1997 the Cudgeller (level 6, -1/56 HPs)
             Began as a Minotaur Berserker on Mar 17, 2023.
             Was a Priest of Trog.
             Slain by a gnoll
             ... wielding a +0 spear
             ... led by a gnoll sergeant
              (5 damage)
             ... on level 4 of the Dungeon.
             The game lasted 00:19:48 (3022 turns).

pussydestroy1997 the Cudgeller (Minotaur Berserker) Turns: 3022, Time: 00:19:49

Health: -1/56      AC:  4    Str: 34    XL:     6   Next: 85%
Magic:  5/5        EV: 12    Int:  7    God:    Trog [***...]
Gold:   236        SH:  0    Dex:  9    Spells: 5/5 levels left

rFire   . . .      SeeInvis .    y - +0 flail
rCold   x . .      Faith    .    (no shield)
rNeg    . . .      Spirit   .    r - +2 robe of Jeoluorr {Rampage rC- Str+4 Int+3}
rPois   .          Reflect  .    (helmet restricted)
rElec   .          Rampage  +    (no cloak)
rCorr   .                        (no gloves)
Will    .....                    (no boots)
Stlth   +                        (no amulet)
HPRegen 0.29/turn                m - +6 ring of strength
MPRegen 0.09/turn                (no ring)

@: no status effects
A: horns 2, retaliatory headbutt
a: Renounce Religion, Berserk, Trog's Hand


You were on level 4 of the Dungeon.
You worshipped Trog.
Trog was most pleased with you.
You visited 1 branch of the dungeon, and saw 4 of its levels.

You collected 236 gold pieces.

Inventory:

Hand Weapons
 a - a +0 mace
 c - a +0 dagger
 e - a +0 club
 f - a +0 short sword
 g - a +0 dagger
 k - a +0 short sword of venom
 o - a +0 sling
 t - a +3 dagger
 y - a +0 flail (weapon)
Missiles
 d - 25 stones (quivered)
 u - 13 poisoned darts
Armour
 b - a +0 animal skin
 i - a +0 ring mail
 j - a +0 leather armour
 n - a +0 chain mail
 p - a +0 helmet
 r - the +2 robe of Jeoluorr (worn) {Rampage rC- Str+4 Int+3}
   (You found it on level 3 of the Dungeon)

   Str:       It affects your strength (+4).
   Int:       It affects your intelligence (+3).
   rC:        It makes you vulnerable to cold.
   Rampage:   It bestows one free step when moving towards enemies.
Jewellery
 m - a +6 ring of strength (left hand)
Wands
 v - a wand of quicksilver (14)
 w - a wand of roots (12)
Potions
 h - 4 potions of flight {unknown}
 l - 2 potions of brilliance {unknown}
 q - a potion of invisibility {unknown}
 s - a potion of heal wounds {unknown}
 x - a potion of curing {unknown}
 z - a potion of might {unknown}


   Skills:
 + Level 5.0 Fighting
 + Level 6.6 Maces & Flails
 + Level 4.4 Armour
 + Level 3.6 Dodging
 + Level 1.4 Stealth


You had 5 spell levels left.
You didn't know any spells.
Your spell library contained the following spells:

 Spells                   Type           Power      Damage    Failure   Level
 Beastly Appendage        Tmut           0%         N/A       43%         1
 Blink                    Tloc           0%         N/A       56%         2
 Lesser Beckoning         Tloc           0%         N/A       56%         2
 Momentum Strike          Conj/Tloc      0%         3d8       56%         2
 Wereblood                Tmut           0%         N/A       56%         2
 Dazzling Flash           Conj/Hex       0%         N/A       80%         3
 Inner Flame              Hex/Fire       0%         N/A       80%         3
 Ozocubu's Armour         Ice            0%         N/A       80%         3
 Spider Form              Tmut/Pois      0%         N/A       80%         3
 Cause Fear               Hex            0%         N/A       99%         4
 Iskenderun's Mystic Bla  Conj/Tloc      0%         2d3       99%         4
 Metabolic Englaciation   Hex/Ice        0%         N/A       100%        5
 Simulacrum               Ice/Necr       0%         N/A       100%        6
 Starburst                Conj/Fire      0%         6d3       100%        6
 Discord                  Hex            0%         N/A       100%        8


Dungeon Overview and Level Annotations

Branches:
Dungeon (4/15)
 Temple: D:4-7

Altars:
Sif Muna

Shops:
D:1 :

Annotations:
D:4 Eustachio


Innate Abilities, Weirdness & Mutations

You have a pair of horns on your head.
You reflexively headbutt those who attack you in melee.


Message History

The gnoll closely misses you.
Your Fighting skill increases to level 5!
You rampage towards the gnoll!
You hit the gnoll. Your headbutt misses the gnoll. Your punch misses the gnoll.
The gnoll is lightly wounded.
The gnoll hits you from afar with a +0 spear.
The gnoll hits you with a +0 halberd. The gnoll hits you but does no damage.
The gnoll misses you. You furiously retaliate!
You headbutt the gnoll. You sock the gnoll!
You kill the gnoll!
Trog accepts your kill. The gnoll hits you but does no damage.
You barely miss the gnoll.
The gnoll hits you from afar with a +0 spear!
The gnoll hits you with a +0 whip.
* * * LOW HITPOINT WARNING * * *
The gnoll attacks as you move away! The gnoll barely misses you.
The gnoll barely misses you. The gnoll attacks as you move away!
The gnoll hits you with a +0 whip.
* * * LOW HITPOINT WARNING * * *
The gnoll hits you from afar with a +0 spear.
* * * LOW HITPOINT WARNING * * *
You barely miss the gnoll.
The gnoll hits you from afar with a +0 spear.
* * * LOW HITPOINT WARNING * * *
The gnoll barely misses you.
You hit the gnoll but do no damage. You headbutt the gnoll.
The gnoll is moderately wounded.
The gnoll hits you from afar with a +0 spear.
* * * LOW HITPOINT WARNING * * *
The gnoll hits you with a +0 whip.
* * * LOW HITPOINT WARNING * * *
You thump the gnoll!
The gnoll is almost dead.
The gnoll hits you but does no damage. The gnoll closely misses you.
You furiously retaliate!
You headbutt the gnoll!
You kill the gnoll!
Trog accepts your kill.
The gnoll hits you from afar with a +0 spear.
You die...

#.##...#
######.###.####
..###### #..# ##
### #.#.# #.###
#.# #.#
########### #.#
..........######.#
#####≈≈≈≈≈≈≈≈≈##@#
#≈##≈≈≈##≈...#
#≈#######≈g###
#≈≈#...#≈≈)#
#≈≈#!..))..#
#≈≈#...#≈≈##
#≈#######≈# #≈#
≈≈#


You could see a gnoll.

Vanquished Creatures
  A gnoll sergeant (D:4)
  A scorpion (D:4)
  2 hounds (D:4)
  3 jellies (D:3)
  Ijyb (D:4)
  An orc wizard (D:3)
  Robin (D:3)
  2 gnolls (D:4)
  3 adders
  An ufetubus (D:4)
  2 worms (D:2)
  6 orcs
  11 endoplasms
  A giant cockroach (D:4)
  13 goblins
  7 hobgoblins
  5 quokkas
  5 ball pythons
  2 bats
  11 kobolds
  7 rats
86 creatures vanquished.

Vanquished Creatures (others)
  7 fungi (D:3)
  12 toadstools (D:3)
19 creatures vanquished.

Grand Total: 105 creatures vanquished

Notes
Turn   | Place    | Note
-------+----------+-------------------------------------------
     0 | D:1      | pussydestroy1997 the Minotaur Berserker began the quest for
                  | the Orb.
     0 | D:1      | Reached XP level 1. HP: 19/19 MP: 0/0
   274 | D:1      | Found Buumaozil's Book Boutique.
   339 | D:1      | Reached XP level 2. HP: 25/27 MP: 1/1
   450 | D:2      | Reached skill level 4 in Maces & Flails
   451 | D:2      | Found a shimmering blue altar of Sif Muna.
   504 | D:2      | Reached XP level 3. HP: 33/33 MP: 2/2
   994 | D:2      | Reached ** piety under Trog
  1142 | D:3      | Noticed Robin
  1159 | D:3      | Reached XP level 4. HP: 41/41 MP: 3/3
  1160 | D:3      | Killed Robin
  1346 | D:3      | Reached skill level 5 in Maces & Flails
  1465 | D:3      | Identified the +2 robe of Jeoluorr {Rampage rC- Str+4
                  | Int+3}
  1488 | D:3      | Identified the +1 cloak of Sin {-Cast rC+ Regen+}
  1962 | D:3      | Reached XP level 5. HP: 35/47 MP: 4/4
  1969 | D:3      | Reached *** piety under Trog
  2390 | D:4      | Noticed Ijyb
  2400 | D:4      | Killed Ijyb
  2401 | D:4      | Reached skill level 1 in Stealth
  2466 | D:4      | Reached skill level 6 in Maces & Flails
  2466 | D:4      | Reached XP level 6. HP: 35/55 MP: 5/5
  2681 | D:4      | Noticed Eustachio
  3009 | D:4      | Reached skill level 5 in Fighting
  3017 | D:4      | HP: 2/56 [gnoll/+0 whip[a gnoll sergeant] (1)]
  3022 | D:4      | Slain by a gnoll

Illustrated notes

Levels and vault maps discovered:
D:1:      lemuel_arrival_river_bridge, layout_basic, serial_shops, shop,
          grunt_decor_junction, minmay_stone_trees_medium
D:2:      layout_rooms, basic_altar, st_stairs_12, minmay_misc_feat_square
D:3:      cheibrodos_fertilizer, layout_loops_ring, minmay_misc_feat_enclosed,
          uniq_robin
D:4:      layout_loops_ring, lightli_minifort, uniq_ijyb, uniq_eustachio

Skill      XL: |  1  2  3  4  5  6 |
---------------+-------------------+-----
Fighting       | 4 5 |  5.0
Maces & Flails | 4 5 6 |  6.6
Armour         | 3 4 |  4.4
Stealth        | 1 |  1.4
Dodging        | 3 |  3.6

Action                     |  1- 3 |  4- 6 || total
---------------------------+-------+-------++-------
  Melee: Mace              |    82 |    78 ||   160
         Headbutt          |    10 |    19 ||    29
         Punch             |       |     1 ||     1
         Flail             |       |    29 ||    29
  Throw: Stone             |       |     3 ||     3
    Use: Scroll            |     4 |     1 ||     5
   Stab: Sleeping          |     1 |     4 ||     5
 Armour: Animal skin       |     4 |       ||     4
         Ring mail         |    20 |       ||    20
         Chain mail        |       |    22 ||    22
         Robe              |       |    18 ||    18
  Dodge: Dodged            |    52 |    72 ||   124

Table legend: (Time is in decaauts)
 A = Elapsed time spent in this place.
 B = Non-inter-level travel time spent in this place.
 C = Inter-level travel time spent in this place.
 D = Time resting spent in this place.
 E = Time spent auto-exploring this place.
 F = Levels seen in this place.
 G = Mean time per level.
                   A        B        C        D        E       F      G
               +--------+--------+--------+--------+--------+-----+--------+
         Total |   3047 |   3047 |      0 |    584 |    486 |   4 |  761.8 |
       Dungeon |   3047 |   3047 |      0 |    584 |    486 |   4 |  761.8 |
               +--------+--------+--------+--------+--------+-----+--------+

Top non-repeatable levels by time:
     D:3: 1311 daAuts
     D:4: 705 daAuts
     D:1: 704 daAuts
     D:2: 326 daAuts
